| TOP OF THE 1ST |
|
Tidewater Tides batting - Pitching for Columbus Jets : RHP Darryl Banks
|
|
Pitching: RHP Darryl Banks
|
|
|
Batting: RHB Juan Garcia
|
0-0: Ground out 6-3 (Groundball, 6, EV 92.5 MPH)
|
|
Batting: RHB German Rivera
|
0-0: Foul Ball, location: 2F 0-1: Called Strike 0-2: Foul Ball, location: 2F 0-2: Fly out, F7 (Flyball, 7LM, EV 92.5 MPH)
|
|
Batting: RHB Brad Komminsk
|
0-0: Ball 1-0: Ground out 6-3 (Groundball, 6S, EV 88.1 MPH)
|
| Top of the 1st over - 0 runs, 0 hits, 0 errors, 0 left on base; Tidewater 0 - Columbus 0 |
| BOTTOM OF THE 1ST |
|
Columbus Jets batting - Pitching for Tidewater Tides : RHP Bud Yanus
|
|
Pitching: RHP Bud Yanus
|
|
|
Batting: RHB Greg Schultz
|
0-0: Called Strike 0-1: Ground out 6-3 (Groundball, 6MS, EV 91.9 MPH)
|
|
Batting: RHB Jim Maler
|
0-0: Called Strike 0-1: Ball 1-1: Ball 2-1: Fly out, F5 (Popup, 56S, EV 81.9 MPH)
|
|
Batting: RHB Danny Tartabull
|
0-0: Called Strike 0-1: Ball 1-1: Swinging Strike 1-2: Ball 2-2: SINGLE (Line Drive, 6MD, EV 101.9 MPH)
|
|
Batting: LHB Larry Sheets
|
0-0: Called Strike 0-1: Ball 1-1: Ball 2-1: Called Strike 2-2: Ball 3-2: Foul Ball, location: 2F 3-2: Ground out 6-3 (Groundball, 56, EV 111.9 MPH)
|
| Bottom of the 1st over - 0 runs, 1 hit, 0 errors, 1 left on base; Tidewater 0 - Columbus 0 |
| TOP OF THE 2ND |
|
Tidewater Tides batting - Pitching for Columbus Jets : RHP Darryl Banks
|
|
Batting: LHB Dave Kable
|
0-0: Foul Ball, location: 2F 0-1: Ball 1-1: Ball 2-1: Swinging Strike 2-2: Strikes out swinging
|
|
Batting: RHB Mike Rex
|
0-0: Ball 1-0: Ground out 1-3 (Groundball, 15S, EV 69.4 MPH)
|
|
Batting: RHB George Gomez
|
0-0: Called Strike 0-1: Called Strike 0-2: Ball 1-2: Ball 2-2: Ball 3-2: DOUBLE (Line Drive, 78D, EV 108.1 MPH)
|
|
Batting: RHB Thomas Walker
|
0-0: Swinging Strike 0-1: Swinging Strike 0-2: Ball 1-2: Strikes out swinging
|
| Top of the 2nd over - 0 runs, 1 hit, 0 errors, 1 left on base; Tidewater 0 - Columbus 0 |
| BOTTOM OF THE 2ND |
|
Columbus Jets batting - Pitching for Tidewater Tides : RHP Bud Yanus
|
|
Batting: RHB Jackie Gutierrez
|
0-0: Ball 1-0: Called Strike 1-1: Ground out 6-3 (Groundball, 6, EV 88.8 MPH)
|
|
Batting: LHB Paul Hollins
|
0-0: SOLO HOME RUN (Flyball, 9D, EV 98.1 MPH), Distance : 369 ft
|
|
Batting: RHB Michael Ventress
|
0-0: Foul Ball, location: 2F 0-1: Foul Ball, location: 2F 0-2: SINGLE (Line Drive, 89M, EV 93.1 MPH)
|
|
Batting: RHB Glenn Goya
|
0-0: Ground out U3 (Groundball, 13, EV 88.1 MPH) Michael Ventress to second
|
|
Batting: RHB Ray Smith
|
0-0: Ball 1-0: Ball 2-0: Ground out 6-3 (Groundball, 6, EV 91.3 MPH)
|
| Bottom of the 2nd over - 1 run, 2 hits, 0 errors, 1 left on base; Tidewater 0 - Columbus 1 |
| TOP OF THE 3RD |
|
Tidewater Tides batting - Pitching for Columbus Jets : RHP Darryl Banks
|
|
Batting: SHB Julio Valdez
|
0-0: Called Strike 0-1: Swinging Strike 0-2: Ball 1-2: Foul Ball, location: 2F 1-2: Strikes out swinging
|
|
Batting: RHB Steve Liddle
|
0-0: Ball 1-0: Called Strike 1-1: Swinging Strike 1-2: Strikes out swinging
|
|
Batting: RHB Juan Garcia
|
0-0: Ball 1-0: Swinging Strike 1-1: Called Strike 1-2: Ball 2-2: Fly out, F6 (Popup, 56, EV 62.5 MPH)
|
| Top of the 3rd over - 0 runs, 0 hits, 0 errors, 0 left on base; Tidewater 0 - Columbus 1 |
| BOTTOM OF THE 3RD |
|
Columbus Jets batting - Pitching for Tidewater Tides : RHP Bud Yanus
|
|
Batting: RHB Greg Schultz
|
0-0: Ball 1-0: Foul Ball, location: 2F 1-1: Ball 2-1: Ball 3-1: Ground out 4-3 (Groundball, 4M, EV 78.8 MPH)
|
|
Batting: RHB Jim Maler
|
0-0: Swinging Strike 0-1: Ball 1-1: Foul Ball, location: 2F 1-2: Ball 2-2: Foul Ball, location: 2F 2-2: SINGLE (Groundball, 56D, EV 106.9 MPH)
|
|
Batting: RHB Danny Tartabull
|
0-0: Ball 1-0: Foul Ball, location: 2F 1-1: SINGLE (Line Drive, 89S, EV 95.0 MPH) Jim Maler to second Runner from 2nd tries for 3rd, SAFE, no throw by RF
|
|
Batting: LHB Larry Sheets
|
0-0: Ball 1-0: Foul Ball, location: 2F 1-1: Ball 2-1: Ball 3-1: Grounds into double play, 5-4-3 (Groundball, 25, EV 86.9 MPH)
|
| Bottom of the 3rd over - 0 runs, 2 hits, 0 errors, 1 left on base; Tidewater 0 - Columbus 1 |
| TOP OF THE 4TH |
|
Tidewater Tides batting - Pitching for Columbus Jets : RHP Darryl Banks
|
|
Batting: RHB German Rivera
|
0-0: Ball 1-0: Hit by Pitch
|
|
Batting: RHB Brad Komminsk
|
0-0: Called Strike 0-1: Called Strike 0-2: Strikes out swinging
|
|
Batting: LHB Dave Kable
|
0-0: Ball 1-0: Ball 2-0: Called Strike 2-1: Swinging Strike 2-2: Strikes out swinging
|
|
Batting: RHB Mike Rex
|
0-0: Called Strike 0-1: Ball 1-1: Ball 2-1: Called Strike 2-2: Strikes out looking
|
| Top of the 4th over - 0 runs, 0 hits, 0 errors, 1 left on base; Tidewater 0 - Columbus 1 |
| BOTTOM OF THE 4TH |
|
Columbus Jets batting - Pitching for Tidewater Tides : RHP Bud Yanus
|
|
Batting: RHB Jackie Gutierrez
|
0-0: Called Strike 0-1: Foul Ball, location: 2F 0-2: SINGLE (Line Drive, 8LS, EV 108.1 MPH)
|
|
Batting: LHB Paul Hollins
|
0-0: Ball 1-0: Ball 2-0: Called Strike 2-1: Ball 3-1: SINGLE (Groundball, 6MD, EV 103.8 MPH) Jackie Gutierrez to second Runner from 2nd tries for 3rd, SAFE, no throw by CF
|
|
Batting: RHB Michael Ventress
|
0-0: Called Strike 0-1: Ball 1-1: Called Strike 1-2: Fly out, F9 (Flyball, 9D, EV 100.0 MPH) Runner from 3rd tags up, OUT at HOME! 9-2 Paul Hollins to second
|
|
Batting: RHB Glenn Goya
|
0-0: SINGLE (Groundball, 34D, EV 95.6 MPH) Paul Hollins to third Runner from 3rd tries for Home, SAFE, throw by RF to home
|
|
Batting: RHB Ray Smith
|
0-0: Ball 1-0: Ball 2-0: Foul Ball, location: 2F 2-1: Swinging Strike 2-2: Foul Ball, location: 2F 2-2: DOUBLE (Groundball, 5L, EV 102.5 MPH) Glenn Goya to third Runner from 3rd tries for Home, throw by LF and OUT! 7-6-2
|
| Bottom of the 4th over - 1 run, 4 hits, 0 errors, 1 left on base; Tidewater 0 - Columbus 2 |
| TOP OF THE 5TH |
|
Tidewater Tides batting - Pitching for Columbus Jets : RHP Darryl Banks
|
|
Batting: RHB George Gomez
|
0-0: Called Strike 0-1: Foul Ball, location: 2F 0-2: Ball 1-2: Fly out, F9 (Flyball, 89M, EV 84.4 MPH)
|
|
Batting: RHB Thomas Walker
|
0-0: Swinging Strike 0-1: Ball 1-1: SINGLE (Line Drive, 9S, EV 96.9 MPH)
|
|
Batting: SHB Julio Valdez
|
0-0: Called Strike 0-1: Ball 1-1: Ball Passed Ball! Thomas Walker to second 2-1: Foul Ball, location: 2F 2-2: Strikes out swinging
|
|
Batting: RHB Steve Liddle
|
0-0: Ball 1-0: Called Strike 1-1: Ball 2-1: Called Strike 2-2: Ground out 5-3 (Groundball, 5, EV 88.1 MPH)
|
| Top of the 5th over - 0 runs, 1 hit, 0 errors, 1 left on base; Tidewater 0 - Columbus 2 |
| BOTTOM OF THE 5TH |
|
Columbus Jets batting - Pitching for Tidewater Tides : RHP Bud Yanus
|
|
Batting: RHB Greg Schultz
|
0-0: Ground out 6-3 (Groundball, 6, EV 81.9 MPH)
|
|
Batting: RHB Jim Maler
|
0-0: Ground out 6-3 (Groundball, 6, EV 106.3 MPH)
|
|
Batting: RHB Danny Tartabull
|
0-0: Called Strike 0-1: Called Strike 0-2: SINGLE (Flyball, 7S, EV 93.8 MPH)
|
|
Batting: LHB Larry Sheets
|
0-0: Ball 1-0: Ground out U3 (Groundball, 3, EV 99.4 MPH)
|
| Bottom of the 5th over - 0 runs, 1 hit, 0 errors, 1 left on base; Tidewater 0 - Columbus 2 |
| TOP OF THE 6TH |
|
Tidewater Tides batting - Pitching for Columbus Jets : RHP Darryl Banks
|
|
Batting: RHB Juan Garcia
|
0-0: Fly out, F9 (Flyball, 89M, EV 84.4 MPH)
|
|
Batting: RHB German Rivera
|
0-0: Called Strike 0-1: Ball 1-1: Called Strike 1-2: Ball 2-2: Ball 3-2: Foul Ball, location: 2F 3-2: Ground out 6-3 (Groundball, 6, EV 83.1 MPH)
|
|
Batting: RHB Brad Komminsk
|
0-0: Called Strike 0-1: Swinging Strike 0-2: Ground out 6-3 (Groundball, 6, EV 82.5 MPH)
|
| Top of the 6th over - 0 runs, 0 hits, 0 errors, 0 left on base; Tidewater 0 - Columbus 2 |
| BOTTOM OF THE 6TH |
|
Columbus Jets batting - Pitching for Tidewater Tides : RHP Bud Yanus
|
|
Batting: RHB Jackie Gutierrez
|
0-0: SINGLE (Groundball, 6MD, EV 100.0 MPH)
|
|
Batting: LHB Paul Hollins
|
0-0: Called Strike 0-1: Ball 1-1: Ball 2-1: Called Strike 2-2: Ball 3-2: DOUBLE (Line Drive, 78M, EV 111.9 MPH) Jackie Gutierrez to third Jackie Gutierrez scores
|
|
Batting: RHB Michael Ventress
|
0-0: Intentional Walk
|
|
Batting: RHB Glenn Goya
|
0-0: Ball 1-0: Swinging Strike 1-1: Fly out, F3 (Popup, 3, EV 77.5 MPH)
|
|
Batting: RHB Ray Smith
|
0-0: Ball 1-0: SINGLE (Line Drive, 4M, EV 94.4 MPH) Paul Hollins to third Michael Ventress to second
|
|
Batting: RHB Greg Schultz
|
0-0: Ball 1-0: Foul Ball, location: 2F 1-1: Foul Ball, location: 2F 1-2: Foul Ball, location: 2F 1-2: Grounds into fielders choice 1-2 (Groundball, 13S, EV 61.3 MPH) Michael Ventress to third Ray Smith to second
|
|
Batting: RHB Jim Maler
|
0-0: Called Strike 0-1: Ball 1-1: Ball 2-1: Ball 3-1: Fly out, F8 (Flyball, 78M, EV 88.1 MPH)
|
| Bottom of the 6th over - 1 run, 3 hits, 0 errors, 3 left on base; Tidewater 0 - Columbus 3 |
| TOP OF THE 7TH |
|
Tidewater Tides batting - Pitching for Columbus Jets : RHP Darryl Banks
|
|
Batting: LHB Dave Kable
|
0-0: Called Strike 0-1: Ground out 6-3 (Groundball, 6, EV 85.6 MPH)
|
|
Batting: RHB Mike Rex
|
0-0: Ball 1-0: Ground out 5-3 (Groundball, 56S, EV 91.9 MPH)
|
|
Batting: RHB George Gomez
|
0-0: Fly out, F7 (Flyball, 7S, EV 92.5 MPH)
|
| Top of the 7th over - 0 runs, 0 hits, 0 errors, 0 left on base; Tidewater 0 - Columbus 3 |
| BOTTOM OF THE 7TH |
|
Columbus Jets batting - Pitching for Tidewater Tides : RHP Bud Yanus
|
|
Batting: RHB Danny Tartabull
|
0-0: Swinging Strike 0-1: Called Strike 0-2: Ball 1-2: Ball 2-2: Ground out U3 (Groundball, 3, EV 81.9 MPH)
|
|
Batting: LHB Larry Sheets
|
0-0: SOLO HOME RUN (Flyball, 7D, EV 101.9 MPH), Distance : 359 ft
|
|
Batting: RHB Jackie Gutierrez
|
0-0: Ball 1-0: Swinging Strike 1-1: Called Strike 1-2: Ground out 5-3 (Groundball, 56, EV 91.3 MPH)
|
|
Batting: LHB Paul Hollins
|
0-0: Ball 1-0: Swinging Strike 1-1: Foul Ball, location: 2F 1-2: Foul Ball, location: 2F 1-2: Ground out U3 (Groundball, 3, EV 88.1 MPH)
|
| Bottom of the 7th over - 1 run, 1 hit, 0 errors, 0 left on base; Tidewater 0 - Columbus 4 |
| TOP OF THE 8TH |
|
Tidewater Tides batting - Pitching for Columbus Jets : RHP Darryl Banks
|
|
Batting: RHB Thomas Walker
|
0-0: Called Strike 0-1: Foul Ball, location: 2F 0-2: Ball 1-2: Ground out 4-3 (Groundball, 4, EV 109.4 MPH)
|
|
Batting: SHB Julio Valdez
|
0-0: Ball 1-0: Foul Ball, location: 2F 1-1: Swinging Strike 1-2: Strikes out swinging
|
|
Batting: RHB Steve Liddle
|
0-0: Ball 1-0: Called Strike 1-1: Foul Ball, location: 2F 1-2: Fly out, F7 (Line Drive, 7D, EV 90.6 MPH)
|
| Top of the 8th over - 0 runs, 0 hits, 0 errors, 0 left on base; Tidewater 0 - Columbus 4 |
| BOTTOM OF THE 8TH |
|
Columbus Jets batting - Pitching for Tidewater Tides : RHP Bud Yanus
|
|
Batting: RHB Michael Ventress
|
0-0: Called Strike 0-1: Foul Ball, location: 2F 0-2: Ball 1-2: Ball 2-2: Ground out 6-3 (Groundball, 6, EV 80.0 MPH)
|
|
Batting: RHB Glenn Goya
|
0-0: Ball 1-0: Ground out 5-3 (Groundball, 25, EV 87.5 MPH)
|
|
Batting: RHB Ray Smith
|
0-0: Ball 1-0: Ball 2-0: Called Strike 2-1: Foul Ball, location: 2F 2-2: Ball 3-2: Foul Ball, location: 2F 3-2: Base on Balls
|
|
Batting: RHB Greg Schultz
|
0-0: Ball 1-0: Foul Ball, location: 2F 1-1: Swinging Strike 1-2: Ball 2-2: Fielders Choice at 2nd, 6-4 (Groundball, 6, EV 109.4 MPH)
|
| Bottom of the 8th over - 0 runs, 0 hits, 0 errors, 1 left on base; Tidewater 0 - Columbus 4 |
| TOP OF THE 9TH |
|
Tidewater Tides batting - Pitching for Columbus Jets : RHP Darryl Banks
|
|
Batting: RHB Juan Garcia
|
0-0: Called Strike 0-1: Ball 1-1: Ball 2-1: Ball 3-1: Called Strike 3-2: Ground out 6-3 (Groundball, 6, EV 81.3 MPH)
|
|
Batting: RHB German Rivera
|
0-0: Foul Ball, location: 2F 0-1: Hit by Pitch
|
|
Batting: RHB Brad Komminsk
|
0-0: Ball 1-0: Foul Ball, location: 2F 1-1: Ball 2-1: Grounds into double play, 4-6-3 (Groundball, 4, EV 102.5 MPH)
|
| Top of the 9th over - 0 runs, 0 hits, 0 errors, 0 left on base; Tidewater 0 - Columbus 4 |
|